 Dungeon Crawl Stone Soup version 0.19-a0-1268-g6c5d9f8 (webtiles) character file.

27031 JustSomeDude the Blocker (level 13, 0/151 HPs)
             Began as a Demonspawn Fighter on Aug 29, 2016.
             Was a High Priest of Okawaru.
             Slain by a skeletal warrior
             ... wielding a +0 war axe
             ... led by a skeletal warrior
              (1 damage)
             ... on level 13 of the Dungeon.
             The game lasted 00:50:56 (12716 turns).

JustSomeDude the Blocker (Demonspawn Fighter)      Turns: 12716, Time: 00:50:58

Health: 0/151      AC: 26    Str: 24    XL:     13   Next: 2%
Magic:  4/4        EV:  2    Int: 11    God:    Okawaru [*****.]
Gold:   546        SH: 13    Dex: 21    Spells: 0 memorised, 12 levels left

rFire  . . .     SeeInvis .     z - +4 morningstar of Sumneom {antimagic, Fragile +Blink rPois}
rCold  . . .     Gourm    .     (armour currently unavailable)
rNeg   + + +     Faith    .     c - +0 shield
rPois  +         Spirit   .     (helmet currently unavailable)
rElec  .         Dismiss  .     (cloak currently unavailable)
rCorr  .         Reflect  .     (gloves currently unavailable)
MR     .....     Harm     .     (boots currently unavailable)
Stlth  +++++..... NoTele   +    a - amulet of magic regeneration
                                S - +2 ring of evasion
                                w - +4 ring of slaying

@: mighty, agile, tree-form, manticore barbs
A: (talons 0), (large bone plates 0), agile 1, mutation resistance 1, negative
energy resistance 1, powered by pain 2, (spiny 0), MP-powered wands
a: Heroism, Finesse, Renounce Religion, Evoke Blink


You were on level 13 of the Dungeon.
You worshipped Okawaru.
Okawaru was extremely pleased with you.
You were hungry.
You were a tree.
You visited 2 branches of the dungeon, and saw 14 of its levels.
You also visited: Labyrinth and Ossuary.

You collected 765 gold pieces.
You spent 219 gold pieces at shops.

Inventory:

Hand Weapons
 z - the +4 morningstar of Sumneom (weapon) {antimagic, Fragile +Blink rPois}
   (Okawaru gifted it to you on level 12 of the Dungeon)

   It reduces the magical energy of the wielder, and disrupts the spells and
   magical abilities of those hit.
   Natural abilities and divine invocations are not affected.
   It protects you from poison.
   It lets you blink.
   It will be destroyed if unequipped.
 Y - the +4 hand axe of Fortitude {chop, Stlth+}
   (You found it in a labyrinth)

   It inflicts extra damage upon your enemies.
   It makes you more stealthy.
Armour
 b - the +0 hat of Ycumowoti (melded) {Regen+ Int+2 Dex-5 Slay+2}
   (Okawaru gifted it to you on level 12 of the Dungeon)

   It affects your intelligence (+2).
   It affects your dexterity (-5).
   It affects your accuracy and damage with ranged weapons and melee attacks
   (+2).
   It increases your rate of regeneration.
 c - a +0 shield (worn)
 x - a +1 pair of boots (melded)
 y - the +3 leather armour "Ivia" (melded) {Regen+}
   (You found it on level 4 of the Dungeon)

   It increases your rate of regeneration.
 E - a +0 cloak (melded)
 T - a +0 pair of gloves (melded)
Jewellery
 a - an amulet of magic regeneration (around neck)
 w - a +4 ring of slaying (left branch)
 J - a +3 ring of dexterity {unknown}
 K - an uncursed ring of flight
 L - an uncursed amulet of rage
 S - a +2 ring of evasion (right branch)
Wands
 e - a wand of polymorph (12/24)
 q - a wand of lightning (6/15)
 s - a wand of iceblast (7/15)
 B - a wand of flame (24/48)
 H - a wand of polymorph (7/24)
 M - a wand of paralysis (6/24)
 N - a wand of teleportation (5/9)
 U - a wand of confusion (29/48)
Scrolls
 i - 13 scrolls of identify
 m - 13 scrolls of remove curse
 n - 3 scrolls of enchant armour
 p - 3 scrolls of fog
 v - a scroll of blinking
 D - a scroll of fear
 F - 2 scrolls of immolation
 G - 2 scrolls of amnesia
 I - a scroll of summoning
 O - a scroll of recharging
 P - 3 scrolls of teleportation {unknown}
 R - a scroll of enchant weapon {unknown}
Potions
 d - a potion of might
 g - 2 potions of brilliance
 k - a potion of flight
 r - 2 potions of mutation
Miscellaneous
 Z - a crystal ball of energy
Comestibles
 f - 10 bread rations
 h - 7 meat rations
 j - 4 fruits
 o - 3 chunks of flesh
 Q - 2 beef jerkies


   Skills:
 + Level 9.0 Fighting
 * Level 6.8 Maces & Flails
   Level 7.4 Polearms
 + Level 6.6 Armour
 + Level 10.3 Dodging
 + Level 4.0 Stealth
 + Level 10.4 Shields
 + Level 2.3 Invocations
 + Level 1.0 Evocations


You had 12 spell levels left.
You didn't know any spells.

Dungeon Overview and Level Annotations

Branches:
Dungeon (13/15)            Temple (1/1) D:6            Lair (0/6) D:10
    Orc (0/2) D:9
 Vaults: D:13-14

Altars:
Ashenzari
Cheibriados
Dithmenos
Elyvilon
Fedhas
Gozag
Hepliaklqana
Kikubaaqudgha
Makhleb
Nemelex Xobeh
Okawaru
Qazlal
Ru
Sif Muna
Trog
Uskayaw
Vehumet
Xom
Yredelemnul
Zin
The Shining One

Shops:
D:4 !   D:7 [*[   D:10 [   D:11 ?


Innate Abilities, Weirdness & Mutations

((You have razor-sharp toenails.))
((You are mostly covered in large bone plates. (AC +3, SH +3)))
You resist negative energy. (rN+)
You sometimes gain power by taking damage.
((You are partially covered in sharp spines.))
You are agile. (Dex +2)
You are somewhat resistant to further mutation.
You expend magic power (3 MP) to strengthen your wands.


Message History

Okay, then.
Evoke which item? (* to show all) (? for menu, Esc to quit)
Zapping:
M - a wand of paralysis (will waste charges)
Press: ? - help, Shift-Dir - straight line, f - skeletal warrior
Aim: a skeletal warrior, wielding a war axe (severely damaged, chance to defeat MR: 1%)
Okay, then.
Evoke which item? (* to show all) (? for menu, Esc to quit)
Zapping:
U - a wand of confusion (will waste charges)
Press: ? - help, Shift-Dir - straight line, f - skeletal warrior
Aim: a skeletal warrior, wielding a war axe (severely damaged, chance to defeat MR: 1%)
Okay, then.
Evoke which item? (* to show all) (? for menu, Esc to quit)
Zapping:
H - a wand of polymorph {zapped: 7} (will waste charges)
Press: ? - help, Shift-Dir - straight line, f - skeletal warrior
Aim: a skeletal warrior, wielding a war axe (severely damaged, chance to defeat MR: 1%)
Okay, then.
You feel extremely strange.
You feel your magical essence link to your wands.
The skeletal warrior hits you with a war axe.
You die...

.# #.###.....###### #.#
#.##............ #.#
#....##.....#### #.#
###..##......### #W#
#####.......#.... #.#
.#...[...........
#z#.#....#.###..#...
#z##5#..#.###..#...
#.#♣§)#.....###.##.#
##################...##...##.#..#
#.................(.###.#......##
#####......###...##(##..(..#...##
#.....)#((..##........##.....
#.....)..#..##.#...........##
#.....)###..##.#..###......##
#......####.#....###..###...#
#......##........# #.## ##..#


You could see 2 skeletal warriors, a phantom and a friendly shadow imp.

Vanquished Creatures
  A stone giant (shapeshifter) (D:13)
  The ghost of Conn321 the Arsonist, a journeyman OpFE of Sif Muna (D:12)
  Fannar (D:10)
  3 centaur warriors (D:13)
  7 skeletal warriors (D:13)
  An unseen horror (D:12)
  4 hill giants
  3 ugly things
  3 cyclopes
  A manticore (D:13)
  A guardian serpent (shapeshifter) (D:13)
  Joseph (D:9)
  A kobold demonologist (D:13)
  2 trolls
  6 slime creatures (D:12)
  2 two-headed ogres
  A spriggan (D:7)
  Eustachio (D:4)
  A vampire (D:13)
  A shadow (D:13)
  13 yaks
  A hippogriff (D:11)
  3 vampire mosquitoes (D:13)
  Menkaure (Ossuary)
  A steam dragon (D:9)
  A warg (shapeshifter) (D:13)
  A water moccasin (D:10)
  A soldier ant (D:13)
  4 ice beasts
  4 sky beasts
  3 orc warriors
  3 phantoms
  An eye of draining (D:10)
  9 centaurs
  2 wasps (D:12)
  A necrophage (D:9)
  5 ogres
  3 crocodiles (D:12)
  A big kobold (D:13)
  12 giant frogs
  5 troll zombies (D:9)
  5 scorpions
  14 killer bees
  3 wights (D:7)
  3 howler monkeys
  3 crimson imps
  2 giant frog zombies (D:11)
  2 centaur zombies
  A wasp zombie (D:7)
  8 orc priests
  4 hounds
  3 giant frog skeletons
  2 gnoll shamans
  5 jellies
  A centaur skeleton (D:4)
  14 orc wizards
  2 iguanas
  14 worker ants
  3 ogre zombies (D:9)
  4 hound skeletons
  2 mummies (Ossuary)
  2 worker ant zombies (D:11)
  9 gnolls
  A howler monkey skeleton (D:6)
  A river rat (D:10)
  8 adders
  A shadow imp (D:8)
  4 oozes (D:1)
  2 adder skeletons
  3 worms
  4 dart slugs
  32 orcs
  11 bats
  8 giant cockroaches
  8 gnoll zombies
  7 goblins
  7 hobgoblins
  11 jackals
  6 quokkas
  3 ball pythons
  A giant cockroach zombie (D:5)
  A giant gecko zombie (D:5)
  4 giant newts
  5 gnoll skeletons (Ossuary)
  3 goblin skeletons
  3 goblin zombies
  3 hobgoblin skeletons
  7 hobgoblin zombies
  A jackal skeleton (D:5)
  A jackal zombie (D:6)
  12 kobolds
  3 kobold skeletons (Ossuary)
  2 kobold zombies (Ossuary)
  3 orc skeletons
  16 orc zombies
  6 rats
  2 rat skeletons (Ossuary)
  3 rat zombies (Ossuary)
  A plant (D:10)
417 creatures vanquished.

Vanquished Creatures (others)
  A mummy (Ossuary)
  3 gnoll skeletons (Ossuary)
  A gnoll zombie (Ossuary)
  2 goblin skeletons (Ossuary)
  A goblin zombie (Ossuary)
  2 hobgoblin skeletons (Ossuary)
  2 hobgoblin zombies (Ossuary)
  A kobold skeleton (Ossuary)
  2 kobold zombies (Ossuary)
  An orc skeleton (Ossuary)
  An orc zombie (Ossuary)
  2 rat skeletons (Ossuary)
  A rat zombie (Ossuary)
20 creatures vanquished.

Grand Total: 437 creatures vanquished

Notes
Turn   | Place    | Note
-------+----------+-------------------------------------------
     0 | D:1      | JustSomeDude the Demonspawn Fighter began the quest for the Orb.
     0 | D:1      | Reached XP level 1. HP: 18/18 MP: 1/1
     1 | D:1      | Found a runed door.
   469 | D:1      | Gained mutation: You are partially covered in large bone plates. (AC +2, SH +2) [demonic ancestry]
   469 | D:1      | Reached XP level 2. HP: 24/24 MP: 2/2
   944 | D:1      | Gained mutation: You are mostly covered in large bone plates. (AC +3, SH +3) [demonic ancestry]
   944 | D:1      | Reached XP level 3. HP: 27/29 MP: 3/3
  1199 | D:2      | Found a radiant altar of Vehumet.
  1383 | D:2      | Reached skill level 1 in Dodging
  1414 | D:2      | Gained mutation: You sometimes gain a little power by taking damage. [demonic ancestry]
  1414 | D:2      | Reached XP level 4. HP: 36/37 MP: 4/4
  1882 | D:3      | Found a snail-covered altar of Cheibriados.
  1930 | D:3      | Found a shimmering altar of Xom.
  2102 | D:3      | Found an opulent altar of Gozag.
  2108 | D:3      | Found a blossoming altar of Fedhas.
  2548 | D:4      | Found Fovadwoe's Distillery.
  2569 | D:4      | Bought a potion of curing for 36 gold pieces
  2569 | D:4      | Bought a potion of heal wounds for 60 gold pieces
  2645 | D:4      | Got a bloodstained leather armour
  2656 | D:4      | Identified the +3 leather armour "Ivia" {Regen+} (You found it on level 4 of the Dungeon)
  2663 | D:4      | Noticed Eustachio
  2804 | D:4      | Killed Eustachio
  2804 | D:4      | Gained mutation: You are partially covered in sharp spines. [demonic ancestry]
  2804 | D:4      | Reached XP level 5. HP: 40/42 MP: 5/5
  2804 | D:4      | Reached XP level 6. HP: 46/48 MP: 6/6
  3422 | D:5      | Entered Level 5 of the Dungeon
  3450 | D:5      | Gained mutation: You resist negative energy. (rN+) [demonic ancestry]
  3450 | D:5      | Reached XP level 7. HP: 53/55 MP: 7/7
  3602 | D:5      | Found a sand-covered staircase.
  3609 | Ossuary  | Entered an ossuary
  3830 | Ossuary  | Noticed Menkaure
  3842 | Ossuary  | Killed Menkaure
  3949 | D:5      | Found a shadowy altar of Dithmenos.
  3949 | D:5      | Found a hide-covered altar of Uskayaw.
  4005 | D:5      | Reached skill level 5 in Shields
  4581 | D:6      | Found a staircase to the Ecumenical Temple.
  4605 | Temple   | Entered the Ecumenical Temple
  4919 | Temple   | Became a worshipper of Warmaster Okawaru
  5121 | D:1      | Reached XP level 8. HP: 61/61 MP: 8/8
  5254 | D:6      | Reached skill level 1 in Stealth
  5307 | D:6      | Gained mutation: You expend magic power (3 MP) to strengthen your wands. [mutagenic meat]
  5310 | D:6      | Gained mutation: You are frail. (-10% HP) [mutagenic meat]
  5313 | D:6      | Gained mutation: You possess an exceptional clarity of mind. [mutagenic meat]
  5316 | D:6      | Gained mutation: You tend to lose your temper in combat. [mutagenic meat]
  5445 | D:6      | Found a white marble altar of Elyvilon.
  5453 | D:6      | Reached skill level 5 in Fighting
  5513 | D:6      | Reached * piety under Okawaru
  5513 | D:6      | Reached skill level 5 in Dodging
  6118 | D:7      | Found an ancient bone altar of Kikubaaqudgha.
  6150 | D:7      | Reached ** piety under Okawaru
  6150 | D:7      | Gained mutation: You have sharp toenails. [demonic ancestry]
  6150 | D:7      | Reached XP level 9. HP: 59/61 MP: 9/9
  6369 | D:7      | Found Wuqely's General Store.
  6814 | D:7      | Reached skill level 5 in Polearms
  6888 | D:7      | Found Virghasay's Antique Armour Shoppe.
  6908 | D:7      | Found Pyffarec's Armour Boutique.
  7169 | D:8      | Reached *** piety under Okawaru
  7350 | D:8      | Found a basalt altar of Yredelemnul.
  7618 | D:9      | Found a staircase to the Orcish Mines.
  7635 | D:9      | Reached XP level 10. HP: 49/68 MP: 8/10
  7789 | D:9      | You fall through a shaft for 2 floors!
  7828 | D:10     | Entered Level 10 of the Dungeon
  7829 | D:10     | Found Liur's Armour Emporium.
  7956 | D:9      | Reached skill level 5 in Armour
  8026 | D:9      | Reached **** piety under Okawaru
  8128 | D:9      | Noticed Joseph
  8153 | D:9      | Killed Joseph
  8499 | D:10     | Found a staircase to the Lair.
  8721 | D:10     | Gained mutation: You are resistant to hostile enchantments. (MR+) [mutagenic meat]
  8724 | D:10     | Gained mutation: You are weak. (Str -2) [mutagenic meat]
  8727 | D:10     | Gained mutation: Your body sometimes deteriorates upon taking damage. [mutagenic meat]
  8730 | D:10     | Gained mutation: Your magical capacity is low. (-10% MP) [mutagenic meat]
  8732 | D:10     | Lost mutation: You expend magic power (3 MP) to strengthen your wands. [potion of mutation]
  8739 | D:10     | Lost mutation: You are weak. (Str -2) [potion of beneficial mutation]
  8781 | D:10     | Lost mutation: You are resistant to hostile enchantments. (MR+) [potion of cure mutation]
  8781 | D:10     | Lost mutation: Your magical capacity is low. (-10% MP) [potion of cure mutation]
  8781 | D:10     | Lost mutation: You tend to lose your temper in combat. [potion of cure mutation]
  8781 | D:10     | Lost mutation: You are frail. (-10% HP) [potion of cure mutation]
  8781 | D:10     | Lost mutation: Your body sometimes deteriorates upon taking damage. [potion of cure mutation]
  8781 | D:10     | Lost mutation: You possess an exceptional clarity of mind. [potion of cure mutation]
  8832 | D:10     | Noticed a hill giant
  8934 | D:10     | Killed a hill giant
  8934 | D:10     | Reached ***** piety under Okawaru
  9062 | D:10     | Noticed a hill giant
  9072 | D:10     | Killed a hill giant
  9139 | D:10     | Gained mutation: You sometimes gain power by taking damage. [demonic ancestry]
  9139 | D:10     | Reached XP level 11. HP: 83/83 MP: 11/11
  9319 | D:10     | Noticed Fannar
  9393 | D:10     | Killed Fannar
  9944 | D:11     | Received a gift from Okawaru
 10009 | D:11     | Found Exusoiguta's Magic Scroll Shoppe.
 10017 | D:11     | Bought a scroll of summoning for 123 gold pieces
 10098 | D:11     | Noticed a white ugly thing
 10124 | D:11     | Killed a white ugly thing
 10329 | D:12     | Noticed Conn321's ghost (journeyman OpFE)
 10358 | D:12     | Killed Conn321's ghost
 10358 | D:12     | Received a gift from Okawaru
 10363 | D:12     | Got an iridescent morningstar {god gift}
 10364 | D:12     | Identified the +4 morningstar of Sumneom {antimagic, Fragile +Blink rPois} (Okawaru gifted it to you on level 12 of the Dungeon)
 10518 | D:12     | Noticed a brown ugly thing
 10520 | D:12     | Found a labyrinth entrance.
 10534 | D:12     | Killed a brown ugly thing
 10534 | D:12     | Reached skill level 1 in Maces & Flails
 10534 | D:12     | Reached skill level 1 in Invocations
 10548 | Lab      | Entered a labyrinth
 11110 | Lab      | Noticed a minotaur
 11178 | Lab      | Got a slimy hand axe
 11181 | D:12     | Identified the +4 hand axe of Fortitude {chop, Stlth+} (You found it in a labyrinth)
 11196 | D:12     | Noticed a green ugly thing
 11205 | D:12     | Killed a green ugly thing
 11275 | D:12     | Killed an unseen horror
 11369 | D:12     | Found a blossoming altar of Fedhas.
 11372 | D:12     | Noticed a hill giant
 11385 | D:12     | Killed a hill giant
 11385 | D:12     | Received a gift from Okawaru
 11396 | D:12     | Got a crude hat {god gift}
 11411 | D:12     | Identified the +0 hat of Ycumowoti {Regen+ Int+2 Dex-5 Slay+2} (Okawaru gifted it to you on level 12 of the Dungeon)
 11495 | D:12     | Reached XP level 12. HP: 73/92 MP: 4/12
 12211 | D:12     | Gained mutation: You are somewhat resistant to further mutation. [mutagenic meat]
 12214 | D:12     | Gained mutation: You are agile. (Dex +2) [mutagenic meat]
 12248 | D:13     | Reached skill level 1 in Evocations
 12295 | D:13     | Reached skill level 5 in Maces & Flails
 12313 | D:13     | Reached skill level 10 in Dodging
 12316 | D:13     | Reached skill level 10 in Shields
 12429 | D:13     | Noticed a centaur warrior
 12442 | D:13     | Killed a centaur warrior
 12467 | D:13     | Noticed a centaur warrior
 12477 | D:13     | Killed a centaur warrior
 12549 | D:13     | Noticed a centaur warrior
 12566 | D:13     | Killed a centaur warrior
 12675 | D:13     | Noticed a stone giant
 12687 | D:13     | Killed a stone giant
 12710 | D:13     | Received a gift from Okawaru
 12710 | D:13     | Gained mutation: You have razor-sharp toenails. [demonic ancestry]
 12710 | D:13     | Reached XP level 13. HP: 16/101 MP: 4/14
 12715 | D:13     | HP: 1/151 [skeletal warrior/war axe[a skeletal warrior] (8)]
 12716 | D:13     | Gained mutation: You expend magic power (3 MP) to strengthen your wands. [potion of mutation]
 12716 | D:13     | Slain by a skeletal warrior

Vault maps used:
D:1:      dpeg_arrival_caged_fury
D:2:      nicolae_overflow_crystal_walls
D:3:      lemuel_coloured_pillars_altar, minitemple, kennysheep_slug_shrine
D:4:      serial_shops, shop, uniq_eustachio
D:5:      gammafunk_temple_overflow_statue,
          nicolae_ossuary_entry_false_entrances, first_bread
D:6:      basic_altar
D:7:      kiku_gazebo_pond_becter, serial_shops, shop, nicolae_shop_waterfront,
          kennysheep_mini_moat, the_bakery, minmay_misc_feat_cross,
          serial_park_tiny_pond
D:8:      lemuel_zombie_altar_yredelemnul
D:9:      zombieorc2_lemuel, uniq_joseph
D:10:     due_lair_maze_entry_diamond, serial_shops, nicolae_shop_statue_plus,
          uniq_fannar
D:11:     serial_shops, shop
D:12:     basic_altar, lab_entry_generic
D:13:     minmay_tearing_corner
Temple:   oiseaux_autumnal_temple
Lab:      labyrinth_spiral, nicolae_lab_t_cross, labyrinth_skeletal_remains
Ossuary:  ossuary_due_pyramid

Skill      XL: |  1  2  3  4  5  6  7  8  9 10 11 12 |
---------------+-------------------------------------+-----
Shields        | 3 4 5 6 7 8 9 10 | 10.4
Polearms       | 2 3 4 5 6 7 |  7.4
Armour         | 3 4 5 6 |  6.6
Dodging        | 1 2 3 4 5 7 8 9 10 | 10.3
Fighting       | 4 5 6 7 9 |  9.0
Stealth        | 2 3 4 |  4.0
Maces & Flails | 2 6 |  6.8
Invocations    | 1 2 |  2.3
Evocations     | 1 |  1.0

Action                   |  1- 3 |  4- 6 |  7- 9 | 10-12 | 13-15 || total
-------------------------+-------+-------+-------+-------+-------++-------
Melee: Trident           |   192 |   270 |   630 |   660 |       ||  1752
       Morningstar       |       |       |       |   324 |     5 ||   329
Invok: Heroism           |       |       |     2 |    33 |       ||    35
 Abil: Evoke Berserk Rag |       |       |       |     1 |       ||     1
       Evoke Blink       |       |       |       |     1 |       ||     1
Evoke: Wand              |       |       |       |     5 |       ||     5
  Use: Scroll            |       |     9 |     1 |    10 |       ||    20
       Potion            |       |       |     1 |    31 |     1 ||    33
 Stab: Sleeping          |       |       |     4 |     9 |       ||    13
       Invisible         |       |       |       |     6 |       ||     6
  Eat: Chunk             |     2 |     3 |    14 |    22 |       ||    41
       Bread ration      |       |     1 |     1 |       |       ||     2
       Meat ration       |       |       |       |     1 |       ||     1
Armor: Scale mail        |    99 |    19 |       |       |       ||   118
       Leather armour    |       |    69 |   126 |   162 |       ||   357
       Skin              |       |       |       |     4 |     1 ||     5
Dodge: Dodged            |    38 |    86 |   225 |   387 |       ||   736
Block: Shield            |    92 |   148 |   381 |   679 |     2 ||  1302
